 Dungeon Crawl Stone Soup version 0.28-a0-410-gbef64dd269 (webtiles) character file.

Game seed: 3197146134696450855

261 heikuro the Skirmisher (level 6, 0/49 HPs)
             Began as a Formicid Abyssal Knight on Sept 7, 2021.
             Was a Believer of Lugonu.
             Slain by a hornet zombie (5 damage)
             ... on level 4 of the Dungeon.
             The game lasted 00:06:18 (3243 turns).

heikuro the Skirmisher (Formicid Abyssal Knight)    Turns: 3243, Time: 00:06:19

Health: 0/49       AC: 10    Str: 19    XL:     6   Next: 42%
Magic:  8/8        EV:  7    Int: 11    God:    Lugonu [**....]
Gold:   139        SH:  0    Dex: 10    Spells: 5/5 levels left

rFire   . . .      SeeInvis +   a - +1 falchion
rCold   . . .      Faith    .   (no shield)
rNeg    . . .      Spirit   .   o - +0 chain mail
rPois   .          Reflect  .   (helmet unavailable)
rElec   .          Harm     .   g - +0 cloak
rCorr   .          Rampage  .   (no gloves)
Will    .....                   (no boots)
Stlth   ..........              f - amulet of regeneration
HPRegen 1.16/turn               (no ring)
MPRegen 0.11/turn               (no ring)

@: no status effects
A: permanent stasis, dig shafts and tunnels, antennae 3, four strong arms
a: Dig, Shaft Self, Renounce Religion, Depart the Abyss, Bend Space


You were on level 4 of the Dungeon.
You worshipped Lugonu.
Lugonu was pleased with you.
You visited 1 branch of the dungeon, and saw 4 of its levels.
You visited the Abyss 1 time.

You collected 139 gold pieces.

Inventory:

Hand Weapons
 a - a +1 falchion (weapon)
 b - a +0 dagger of venom
Missiles
 d - 41 poisoned darts (quivered)
 m - 6 curare-tipped darts
 p - 4 javelins
Armour
 g - a +0 cloak (worn)
 o - a +0 chain mail (worn)
Jewellery
 f - an amulet of regeneration (around neck)
 l - a +6 ring of strength
 q - a ring of ice
Wands
 i - a wand of acid (5)
Scrolls
 c - 3 scrolls of identify {unknown}
 e - 2 scrolls of brand weapon {unknown}
 s - a scroll of fear {unknown}
 t - a scroll of teleportation {unknown}
 u - 3 scrolls of enchant weapon {unknown}
Potions
 h - a potion of invisibility
 j - 2 potions of curing {unknown}
 k - 2 potions of mutation {unknown}
 n - a potion of attraction {unknown}
 r - a potion of resistance {unknown}


   Skills:
 + Level 4.3 Fighting
 * Level 4.2 Long Blades
 + Level 3.5 Armour
 - Level 1.0 Dodging
 + Level 3.8 Invocations


You had 5 spell levels left.
You didn't know any spells.
Your spell library contained the following spells:

 Spells                   Type           Power      Damage    Failure   Level
 Manifold Assault         Tloc           0%         N/A       100%        5
 Malign Gateway           Summ/Tloc      0%         N/A       100%        7
 Storm Form               Tmut/Air       0%         N/A       100%        7
 Summon Horrible Things   Summ           0%         N/A       100%        8
 Blink                    Tloc           Unusable   N/A       N/A         2

Dungeon Overview and Level Annotations

Branches:
Dungeon (4/15)
 Temple: D:4-7

Altars:

Shops:
D:4 =


Innate Abilities, Weirdness & Mutations

You cannot be hasted, slowed, berserked, paralysed or teleported.
You can dig through walls and to a lower floor.
You have a pair of large antennae on your head. (SInv)
Your four strong arms can wield two-handed weapons with a shield.


Message History

The hornet zombie is moderately damaged.
The hornet zombie hits you but does no damage.
You hit the hornet zombie.
The hornet zombie is moderately damaged.
The hornet zombie hits you but does no damage.
The hornet zombie hits you.
You barely miss the hornet zombie.
The hornet zombie is moderately damaged.
The hornet zombie closely misses you.
You hit the hornet zombie.
The hornet zombie is moderately damaged.
The hornet zombie barely misses you. x2
You barely miss the hornet zombie.
The hornet zombie is moderately damaged.
The hornet zombie hits you.
* * * LOW HITPOINT WARNING * * *
You hit the hornet zombie.
The hornet zombie is heavily damaged.
The hornet zombie hits you but does no damage.
You hit the hornet zombie.
The hornet zombie is heavily damaged.
The hornet zombie barely misses you.
The hornet zombie hits you but does no damage.
You hit the hornet zombie.
The hornet zombie is severely damaged.
The hornet zombie hits you.
* * * LOW HITPOINT WARNING * * *
You hit the hornet zombie.
The hornet zombie is severely damaged.
The hornet zombie hits you but does no damage.
The hornet zombie hits you!
* * * LOW HITPOINT WARNING * * *
You completely miss the hornet zombie.
The hornet zombie is severely damaged.
The hornet zombie hits you.
* * * LOW HITPOINT WARNING * * *
You hit the hornet zombie but do no damage.
The hornet zombie is severely damaged.
The hornet zombie hits you.
You die...

########## # #........# .#
######## #.######.# #.##
#....... #.##.###.###...##
#.#####.
#.#.#.##.##.....###.####..
#..##....@Z...........##.♣
#.#.#.#..####.#####.#.##..
#.#...#...# .# ###.#.##♣∩
#...#####.# # #.........
#.....#...###+###.#......♣
#####.#.####...##.###.##.#
###...###.....#.# #.....
##.##.###........# ###...
##...#.##.........####....


You could see a hornet zombie.

Vanquished Creatures
  An ogre (D:4)
  A scorpion (D:4)
  Jessica (D:2)
  Robin (D:1)
  An adder (D:2)
  A white imp (D:3)
  A dart slug (D:2)
  2 worms (D:2)
  2 bats
  5 endoplasms
  4 giant cockroaches
  13 hobgoblins
  4 jackals (D:3)
  6 kobolds
  5 ball pythons
  6 goblins
  9 rats
63 creatures vanquished.

Vanquished Creatures (others)
  4 plants (D:3)
4 creatures vanquished.

Grand Total: 67 creatures vanquished

Notes
Turn   | Place    | Note
-------+----------+-------------------------------------------
     0 | Abyss:1  | heikuro the Formicid Abyssal Knight began the quest for the
                  | Orb.
     0 | Abyss:1  | Reached XP level 1. HP: 18/18 MP: 2/2
    49 | Abyss:1  | Noticed a large abomination
    52 | D:1      | Escaped the Abyss
   283 | D:1      | Reached skill level 1 in Dodging
   347 | D:1      | Reached * piety under Lugonu
   348 | D:1      | Reached XP level 2. HP: 24/24 MP: 3/3
   568 | D:1      | Found a faded altar of an unknown god.
   568 | D:1      | Noticed a cacodemon
  1029 | D:2      | Reached XP level 3. HP: 27/29 MP: 4/4
  1494 | D:2      | Noticed Jessica
  1507 | D:2      | Killed Jessica
  1508 | D:2      | Reached XP level 4. HP: 27/37 MP: 6/6
  1670 | D:2      | Noticed Robin
  1713 | D:1      | Killed Robin
  1824 | D:2      | Reached ** piety under Lugonu
  1842 | D:2      | Reached XP level 5. HP: 34/42 MP: 7/7
  3019 | D:4      | Found Vufohuipat's Jewellery Shoppe.
  3117 | D:4      | Noticed an ogre
  3129 | D:4      | Killed an ogre
  3130 | D:4      | Reached XP level 6. HP: 49/49 MP: 5/8
  3243 | D:4      | Slain by a hornet zombie

Illustrated notes

Levels and vault maps discovered:
D:1:      dpeg_arrival_rhombi, layout_basic,
          dreamdust_ecumenical_altar_sealed_demon
D:2:      minmay_diamond_boxcup, layout_loops_ring, hangedman_decor_push,
          hangedman_abyss_or_decor_lesser_grid, uniq_robin, uniq_jessica
D:3:      wad_lake_hut, layout_loops_cross, minivault_27
D:4:      layout_loops_corners, serial_shops, nicolae_shop_trees

Skill      XL: |  1  2  3  4  5 |
---------------+----------------+-----
Dodging        | 1 |  1.0
Long Blades    | 3 4 |  4.2
Invocations    | 3 |  3.8
Armour         | 3 |  3.5
Fighting       | 4 |  4.3

Action                   |  1- 3 |  4- 6 || total
-------------------------+-------+-------++-------
Melee: Falchion          |   100 |    30 ||   130
       Dagger            |       |   108 ||   108
Throw: Dart              |       |     6 ||     6
       Javelin           |       |     1 ||     1
Invok: Depart the Abyss  |     1 |       ||     1
       Bend Space        |       |     2 ||     2
 Abil: Dig               |     1 |       ||     1
Armor: Leather armour    |    10 |       ||    10
       Ring mail         |    22 |    24 ||    46
       Chain mail        |       |    50 ||    50
Dodge: Dodged            |    55 |    45 ||   100

Table legend: (Time is in decaauts)
 A = Elapsed time spent in this place.
 B = Non-inter-level travel time spent in this place.
 C = Inter-level travel time spent in this place.
 D = Time resting spent in this place.
 E = Time spent auto-exploring this place.
 F = Levels seen in this place.
 G = Mean time per level.
                   A        B        C        D        E       F      G
               +--------+--------+--------+--------+--------+-----+--------+
         Total |   3306 |   3174 |    132 |    354 |   1988 |   5 |  661.2 |
       Dungeon |   3254 |   3122 |    132 |    354 |   1944 |   4 |  813.5 |
         Abyss |     52 |     52 |      0 |      0 |     44 |   1 |   52.0 |
               +--------+--------+--------+--------+--------+-----+--------+

Top non-repeatable levels by time:
     D:1: 1057 daAuts
     D:2: 1035 daAuts
     D:3: 937 daAuts
     D:4: 223 daAuts
 Abyss:1: 52 daAuts
